 Dungeon Crawl Stone Soup version 0.29-a0-1019-g84f7d21838 (webtiles) character file.

Game seed: 7053014978671343335

6814 siradein the Fighter (level 11, -2/97 HPs)
             Began as a Ghoul Fighter on Aug 10, 2022.
             Was a Priest of Okawaru.
             Slain by an unseen horror (6 damage)
             ... on level 9 of the Dungeon on Aug 11, 2022.
             The game lasted 00:33:11 (9509 turns).

siradein the Fighter (Ghoul Fighter)                Turns: 9509, Time: 00:33:12

Health: -2/97      AC: 14    Str: 23    XL:     11   Next: 5%
Magic:  0/12       EV: 12    Int:  3    God:    Okawaru [***...]
Gold:   633        SH:  0    Dex: 10    Spells: 10/10 levels left

rFire   . . .      SeeInvis .   J - +5 scythe (freeze)
rCold   + + .      Faith    .   (shield currently unavailable)
rNeg    + + +      Spirit   +   T - +0 chain mail
rPois   ∞          Reflect  .   P - +0 helmet
rElec   .          Harm     .   (no cloak)
rCorr   .          Rampage  .   C - +0 pair of gloves
Will    .....                   I - +0 pair of boots
Stlth   ..........              u - amulet of guardian spirit
HPRegen 0.00/turn               i - +4 ring of evasion
MPRegen 0.13/turn               w - ring of protection from cold

@: inhibited regen
A: claws 1, cold resistance 1, negative energy resistance 3, inhibited
regeneration, torment resistance 2, devour on kill
a: Renounce Religion, Heroism


You were on level 9 of the Dungeon.
You worshipped Okawaru.
Okawaru was most pleased with you.
You visited 2 branches of the dungeon, and saw 10 of its levels.
You also visited: Sewer.

You collected 633 gold pieces.

Inventory:

Hand Weapons
 a - a +0 trident
 y - the +10 mace "Ketzuareki" {vorpal, Str+3}
   (You found it on level 3 of the Dungeon)

   It inflicts extra damage upon your enemies.
   Str:       It affects your strength (+3).
 J - a +5 scythe of freezing (weapon)
Missiles
 h - 163 stones (quivered)
 A - 2 throwing nets
 S - 2 javelins
Armour
 c - a +0 buckler
 C - a +0 pair of gloves (worn)
 I - a +0 pair of boots (worn)
 P - a +0 helmet (worn)
 T - a +0 chain mail (worn)
Jewellery
 i - a +4 ring of evasion (left hand)
 u - an amulet of guardian spirit (around neck)
 w - a ring of protection from cold (right hand)
 R - a ring of protection from fire
Wands
 D - a wand of roots (11)
 G - a wand of paralysis (21)
 L - a wand of light (11)
 Q - a wand of polymorph (8)
Scrolls
 e - 2 scrolls of blinking {unknown}
 k - a scroll of poison {unknown}
 l - 6 scrolls of teleportation {unknown}
 m - a scroll of fear {unknown}
 p - a scroll of silence
 t - a scroll of immolation {unknown}
 v - a scroll of summoning {unknown}
 z - a scroll of enchant weapon {unknown}
 B - a scroll of butterflies {unknown}
 E - 2 scrolls of brand weapon {unknown}
 F - 2 scrolls of amnesia
 H - a scroll of acquirement {unknown}
 K - a scroll of enchant armour {unknown}
 O - 2 scrolls of vulnerability {unknown}
Potions
 d - a potion of might
 f - 3 potions of mutation {unknown}
 g - 3 potions of resistance
 j - a potion of lignification {unknown}
 n - 2 potions of brilliance
 o - 3 potions of haste
 q - 2 potions of attraction
 r - 5 potions of curing {unknown}
 s - 4 potions of flight
 x - 3 potions of berserk rage {unknown}
 M - 2 potions of ambrosia {unknown}
 N - a potion of magic {unknown}


   Skills:
 + Level 9.2 Fighting
 + Level 7.4 Polearms
 + Level 3.1 Throwing
 + Level 7.7 Armour
 + Level 7.7 Shields
 + Level 3.8 Invocations


You had 10 spell levels left.
You didn't know any spells.
Your spell library contained the following spells:

 Spells                   Type           Power      Damage    Failure   Level
 Conjure Flame            Conj/Fire      0%         6-21      100%        3
 Dazzling Flash           Conj/Hex       0%         N/A       100%        3
 Ignite Poison            Fire/Tmut/Pois 0%         N/A       100%        3
 Sticky Flame             Conj/Fire      0%         2d3       100%        4
 Agony                    Necr           0%         N/A       100%        5
 Silence                  Hex/Air        0%         N/A       100%        5
 Chain Lightning          Conj/Air       0%         N/A       100%        9
 Fire Storm               Conj/Fire      0%         5d1       100%        9
 Shatter                  Erth           0%         3d5*      100%        9


Dungeon Overview and Level Annotations

Branches:
Dungeon (9/15)             Temple (1/1) D:7           Sewer (visited)
   Lair: D:8-11         Orc: D:9-12

Altars:
Ashenzari
Cheibriados
Dithmenos
Fedhas
Gozag
Kikubaaqudgha
Makhleb
Nemelex Xobeh
Okawaru
Qazlal
Ru
Sif Muna
Trog
Vehumet
Wu Jian
Xom
Yredelemnul

Shops:
D:9 *


Innate Abilities, Weirdness & Mutations

You are immune to poison.
You have sharp fingernails.
Your flesh is cold resistant. (rC+)
You are immune to negative energy. (rN+++)
You do not regenerate when monsters are visible.
You are immune to unholy pain and torment.
You thrive by killing the living.


Message History

Something hits you but does no damage. Something hits you but does no damage.
Something hits you but does no damage. Something hits you.
Something hits you but does no damage. Something completely misses you.
Something hits you but does no damage.
You hit something but do no damage. Something hits you. x2
You closely miss something.
Something hits you but does no damage. x2
Something hits you but does no damage. Something hits you but does no damage.
You miss something. Something hits you!
You barely miss something. Something hits you but does no damage.
Something hits you but does no damage.
You miss something. Something hits you.
You puncture something! You freeze something. Something hits you.
Something barely misses you. Something hits you but does no damage.
Something hits you but does no damage. Something hits you.
You barely miss something. Something hits you.
Something hits you but does no damage. Something hits you but does no damage.
Something hits you!
You barely miss something. Something hits you.
* * * LOW HITPOINT WARNING * * *
Something barely misses you.
You closely miss something. Something hits you.
* * * LOW HITPOINT WARNING * * *
Something hits you but does no damage. Something hits you.
* * * LOW HITPOINT WARNING * * *
Something hits you but does no damage. Something hits you!
* * * LOW HITPOINT WARNING * * *
Something hits you.
* * * LOW HITPOINT WARNING * * *
Something hits you but does no damage. Something hits you.
* * * LOW HITPOINT WARNING * * *
You slash something! You freeze something. Something hits you.
* * * LOW HITPOINT WARNING * * *
Something hits you.
You die...

#≈≈≈♣>∩..≈≈≈...#
#≈≈≈♣...♣≈≈≈...#
#≈≈≈≈.♣.≈≈≈≈...#
#≈≈≈≈≈≈≈≈≈≈≈#.## #######
#≈≈≈≈≈≈≈≈≈≈≈..# #.....#
#≈≈≈≈≈≈≈≈≈..## #.....#
##........##
#.....#######...<......#
#......@...##..........#
#.....####.##..........#
#####.....#
#.##.)........#
##...#.....#
#.............#
##..........#
###.#........##
#.......#####
#.#......>.## #.......#
#...........# #.......#
###..........# ##.....##
.............


There were no monsters in sight!

Vanquished Creatures
  Erica (D:9)
  Pikel (D:6)
  Prince Ribbit (D:9)
  Sigmund (D:5)
  A shadow (D:9)
  A wraith (D:9)
  10 yaks
  3 steam dragons
  Eustachio (D:6)
  An acid dragon (D:9)
  Duvessa (D:4)
  Edmund (D:6)
  A sky beast (D:8)
  An ice beast (D:5)
  Pargi (D:4)
  3 water moccasins
  2 black bears (D:6)
  An ogre (D:6)
  A centaur (D:8)
  2 lemures (D:6)
  A phantom (D:4)
  2 necrophages
  2 kobold brigands
  2 bullfrogs (D:7)
  A scorpion (D:5)
  4 wights (D:6)
  Dowan (D:4)
  A crimson imp (D:7)
  A jelly (D:7)
  5 hounds
  6 orc priests
  An iguana (D:6)
  8 orc wizards
  7 gnolls
  10 adders
  2 river rats (D:5)
  2 ufetubi
  8 worms
  3 dart slugs
  41 orcs
  6 bats
  9 endoplasms
  A giant cockroach (Sewer)
  6 goblins
  10 hobgoblins
  5 quokkas
  9 ball pythons
  7 frilled lizards
  25 kobolds
  10 rats
231 creatures vanquished.

Vanquished Creatures (others)
  A wyvern (D:8)
  A fungus (D:1)
  2 plants (D:1)
4 creatures vanquished.

Grand Total: 235 creatures vanquished

Notes
Turn   | Place    | Note
-------+----------+-------------------------------------------
     0 | D:1      | siradein the Ghoul Fighter began the quest for the Orb.
     0 | D:1      | Reached XP level 1. HP: 19/19 MP: 0/0
   111 | D:1      | Reached XP level 2. HP: 26/26 MP: 1/1
   235 | D:1      | Found a faded altar of an unknown god.
   448 | D:1      | Reached XP level 3. HP: 28/31 MP: 2/2
   804 | D:2      | Reached XP level 4. HP: 28/40 MP: 3/3
  1087 | D:2      | Reached skill level 4 in Fighting
  1450 | D:2      | Reached XP level 5. HP: 42/46 MP: 4/4
  1866 | D:3      | Found an opulent altar of Gozag.
  2001 | D:3      | Found an ancient bone altar of Kikubaaqudgha.
  2520 | D:3      | Identified the +10 mace "Ketzuareki" {vorpal, Str+3}
  2764 | D:4      | Noticed Dowan
  2765 | D:4      | Noticed Duvessa
  2787 | D:4      | Killed Duvessa
  2788 | D:4      | Reached XP level 6. HP: 31/53 MP: 3/5
  2791 | D:4      | Killed Dowan
  3261 | D:4      | Reached skill level 5 in Fighting
  3261 | D:4      | Reached XP level 7. HP: 55/61 MP: 4/6
  3473 | D:4      | Noticed Pargi
  3480 | D:4      | Killed Pargi
  3708 | D:5      | Entered Level 5 of the Dungeon
  3972 | D:5      | Found a glowing drain.
  3980 | Sewer    | Entered a sewer
  4129 | Sewer    | Reached XP level 8. HP: 70/70 MP: 7/7
  4393 | D:5      | Reached skill level 6 in Fighting
  4393 | D:5      | Reached skill level 5 in Armour
  4659 | D:5      | Noticed Sigmund
  4672 | D:5      | Killed Sigmund
  4673 | D:5      | Reached skill level 5 in Shields
  5076 | D:6      | Reached skill level 5 in Polearms
  5147 | D:6      | Noticed Pikel
  5212 | D:6      | Killed Pikel
  5213 | D:6      | Reached skill level 7 in Fighting
  5213 | D:6      | Reached XP level 9. HP: 49/79 MP: 5/8
  5411 | D:6      | Found a shimmering altar of Xom.
  5412 | D:6      | Found a sparkling altar of Nemelex Xobeh.
  5413 | D:6      | Paralysed by an orc for 3 turns
  5418 | D:6      | Paralysed by an orc for 3 turns
  5471 | D:6      | Noticed Eustachio
  5479 | D:6      | Killed Eustachio
  5907 | D:6      | Noticed Edmund
  5918 | D:6      | Killed Edmund
  6287 | D:7      | Reached skill level 8 in Fighting
  6819 | D:7      | Found a staircase to the Ecumenical Temple.
  6834 | Temple   | Entered the Ecumenical Temple
  6905 | Temple   | Became a worshipper of Warmaster Okawaru
  6933 | D:7      | Reached XP level 10. HP: 88/88 MP: 9/9
  7009 | D:7      | Found a burning altar of Makhleb.
  7010 | D:7      | Found a radiant altar of Vehumet.
  7235 | D:8      | Reached skill level 1 in Throwing
  7235 | D:8      | Reached skill level 1 in Invocations
  7451 | D:8      | Reached * piety under Okawaru
  7879 | D:8      | Found an ornate altar of the Wu Jian Council.
  8222 | D:8      | Reached ** piety under Okawaru
  8318 | D:9      | Noticed Prince Ribbit
  8318 | D:9      | Found Qepoaqiem's Island Escapes.
  8726 | D:9      | Noticed a two-headed ogre
  8940 | D:9      | Reached skill level 9 in Fighting
  8955 | D:9      | Killed Prince Ribbit
  8955 | D:9      | Reached *** piety under Okawaru
  9279 | D:9      | Noticed Erica
  9289 | D:9      | Killed Erica
  9290 | D:9      | Reached XP level 11. HP: 75/97 MP: 8/12
  9509 | D:9      | HP: 4/97 [something (3)]
  9509 | D:9      | Slain by an unseen horror

Illustrated notes

Levels and vault maps discovered:
D:1:      psy_arrival_basics, layout_rooms, shapermc_ecumenical_altar_gd
D:2:      kb_forest_paths, layout_basic, serial_glass, glass_columns_b,
          glass_columns_b, glass_columns_a, glass_columns_c, glass_columns_b,
          glass_columns_a, glass_columns_c, glass_columns_b, minmay_circle_x
D:3:      layout_loops_ring, mainiacjoe_overflow_concentric_impassable,
          nicolae_gozag_cash_rules_everything_around_me, elyvilon_altar_1,
          tso_metal_star, guppyfry_early_orc_mine
D:4:      layout_basic, uniq_duvessa, uniq_pargi
D:5:      layout_loops_cross, lightli_sewer_entry_pipes, st_stairs_13,
          uniq_sigmund
D:6:      layout_loops_cross, grunt_temple_overflow_open,
          ebering_dispersal_statue_hall, uniq_pikel, uniq_edmund, uniq_eustachio
D:7:      layout_basic, grunt_temple_overflow_lords_of_destruction,
          minmay_temple_entry_arrows
D:8:      layout_cave_pods, nzn_wu_jian_council_hall
D:9:      layout_rooms, nicolae_uskayaw_dance_hall, orc_0_dummy,
          nicolae_island_escapes, uniq_erica, uniq_prince_ribbit1
Temple:   nicolae_temple_bog_church

Skill      XL: |  1  2  3  4  5  6  7  8  9 10 |
---------------+-------------------------------+-----
Polearms       | 2 3 4 5 6 7 |  7.4
Armour         | 3 4 6 7 |  7.7
Shields        | 3 4 6 7 |  7.7
Fighting       | 4 5 7 8 9 |  9.2
Throwing       | 3 |  3.1
Invocations    | 3 |  3.8

Action                   |  1- 3 |  4- 6 |  7- 9 | 10-12 || total
-------------------------+-------+-------+-------+-------++-------
Melee: Trident           |   103 |   149 |       |       ||   252
       Mace              |       |    29 |   118 |       ||   147
       Halberd           |       |       |   155 |   186 ||   341
Throw: Stone             |       |       |       |     5 ||     5
Invok: Heroism           |       |       |       |     1 ||     1
  Use: Scroll            |       |     5 |     1 |       ||     6
Armor: Scale mail        |    22 |    32 |   110 |    59 ||   223
       Chain mail        |       |       |       |    28 ||    28
Dodge: Dodged            |    54 |    96 |   165 |    95 ||   410
Block: Buckler           |    12 |    31 |    14 |       ||    57

Table legend: (Time is in decaauts)
 A = Elapsed time spent in this place.
 B = Non-inter-level travel time spent in this place.
 C = Inter-level travel time spent in this place.
 D = Time resting spent in this place.
 E = Time spent auto-exploring this place.
 F = Levels seen in this place.
 G = Mean time per level.
                   A        B        C        D        E       F      G
               +--------+--------+--------+--------+--------+-----+--------+
         Total |   9732 |   9141 |    591 |    466 |   6876 |  11 |  884.7 |
       Dungeon |   9427 |   8864 |    563 |    466 |   6663 |   9 | 1047.4 |
        Temple |     99 |     71 |     28 |      0 |     58 |   1 |   99.0 |
         Sewer |    205 |    205 |      0 |      0 |    155 |   1 |  205.0 |
               +--------+--------+--------+--------+--------+-----+--------+

Top non-repeatable levels by time:
     D:8: 1736 daAuts
     D:6: 1194 daAuts
     D:5: 1170 daAuts
     D:2: 1105 daAuts
     D:4: 1011 daAuts
     D:3: 872 daAuts
     D:7: 828 daAuts
     D:1: 792 daAuts
     D:9: 715 daAuts
   Sewer: 205 daAuts
  Temple: 99 daAuts
